 Dungeon Crawl Stone Soup version 0.24.0-13-gcf9b319 (webtiles) character file.

Game seed: 9237170930121834783, levelgen mode: deterministic

887 Fang the Skirmisher (level 8, -9/76 HPs)
             Began as a Gargoyle Berserker on Nov 14, 2019.
             Was an Elder of Trog.
             Mangled by Morgon's ghost (14 damage)
             ... on level 5 of the Dungeon.
             The game lasted 00:03:23 (3724 turns).

Fang the Skirmisher (Gargoyle Berserker)            Turns: 3724, Time: 00:03:24

Health: -9/76      AC: 17    Str: 28    XL:     8   Next: 5%
Magic:  8/8        EV:  9    Int:  8    God:    Trog [****..]
Gold:   292        SH:  0    Dex:  9    Spells: 7/7 levels left

rFire    . . .     SeeInvis +   a - +0 hand axe
rCold    . . .     Gourm    .   (no shield)
rNeg     + . .     Faith    .   b - +0 plate armour
rPois    ∞         Spirit   .   (no helmet)
rElec    +         Reflect  .   (no cloak)
rCorr    .         Harm     .   (no gloves)
MR       .....                  (no boots)
Stlth    ..........             (no amulet)
HPRegen  0.22/turn              t - ring of see invisible
MPRegen  0.11/turn              (no ring)

@: berserking (expiring), very quick
A: negative energy resistance 1, electricity resistance, unbreathing,
petrification resistance, rot immunity, AC +5
a: Berserk, Trog's Hand, Brothers in Arms, Renounce Religion


You were on level 5 of the Dungeon.
You worshipped Trog.
Trog was greatly pleased with you.
You were not hungry.

You visited 1 branch of the dungeon, and saw 6 of its levels.

You collected 292 gold pieces.

Inventory:

Hand Weapons
 a - a +0 hand axe (weapon)
Armour
 b - a +0 plate armour (worn)
Jewellery
 t - a ring of see invisible (left hand)
Scrolls
 d - a scroll of amnesia {unknown}
 e - 3 scrolls of teleportation {unknown}
 g - a scroll of immolation {unknown}
 i - a scroll of remove curse {unknown}
 k - a scroll of fear {unknown}
 m - a scroll of enchant armour {unknown}
 n - 7 scrolls of identify {unknown}
 o - 2 scrolls of magic mapping {unknown}
 q - a scroll of random uselessness {unknown}
 r - 4 scrolls of noise {unknown}
Potions
 h - 2 potions of haste {unknown}
 j - a potion of heal wounds {unknown}
 l - a potion of agility {unknown}
 p - 2 potions of cancellation {unknown}
 s - a potion of degeneration {unknown}
 u - a potion of might {unknown}
 v - a potion of curing {unknown}
Comestibles
 c - 8 rations


   Skills:
 + Level 5.8 Fighting
 + Level 4.8 Axes
 + Level 5.2 Armour
 + Level 3.9 Dodging


You had 7 spell levels left.
You didn't know any spells.
Your spell library was empty.

Dungeon Overview and Level Annotations

Branches:
Dungeon (6/15)
 Temple: D:4-7

Altars:
Cheibriados
Vehumet

Annotations:
D:5 Morgon's ghost, novice TrGl


Innate Abilities, Weirdness & Mutations

You are resistant to torment.
Your stone body is resilient. (AC +5)
You are immune to poison.
You resist negative energy. (rN+)
You are resistant to electric shocks. (rElec)
You can survive without breathing.
You are immune to petrification.
You are immune to rotting.


Message History

You are too injured to fight recklessly!
You are too injured to fight recklessly!
You are too injured to fight recklessly!
You are too injured to fight recklessly!
You eat one of the 9 rations.
That ration really hit the spot!
Morgon's ghost hits you.
* * * LOW HITPOINT WARNING * * *
You hit Morgon's ghost.
Morgon's ghost is moderately damaged.
You slash Morgon's ghost!
Morgon's ghost is heavily damaged.
Morgon's ghost barely misses you.
You slash Morgon's ghost!
Morgon's ghost is heavily damaged.
Morgon's ghost hits you!
* * * LOW HITPOINT WARNING * * *
You hit Morgon's ghost.
Morgon's ghost is heavily damaged.
Morgon's ghost hits you!
You die...

#...#..........#..########
########...#......#####..####...#
.......#...#......'.............#
.......#...#......#.............#
.......#(..#......#.............#
.......##'##......#.##...##.....#
.............######.##...##.....#
.............#.......#...##.....#
.............#..@....#..........#
.............###W##..#..........'
.............+#.!.#..#..........#
.............##♣8♣#.###..#####'##
.......####'###########..###.....
.......#.....#.............#.....
.......#.....+.............#.....
.......#.....#.............#.....
.......#.....#.........>...#.....


You could see Morgon's ghost.

Vanquished Creatures
  A water moccasin (D:5)
  A phantom (D:5)
  An ogre (D:4)
  A gnoll sergeant (D:5)
  A hound (D:5)
  2 orc priests (D:5)
  2 orc wizards
  Natasha (thrice) (D:4)
  5 worker ants (D:4)
  7 gnolls (D:5)
  5 adders
  A worm (D:3)
  2 dart slugs (D:1)
  2 leopard geckos
  10 orcs
  3 giant cockroaches
  7 goblins
  12 hobgoblins
  9 jackals
  6 kobolds
  4 quokkas
  8 bats
  A frilled lizard (D:1)
  9 rats
103 creatures vanquished.

Notes
Turn   | Place    | Note
-------+----------+-------------------------------------------
     0 | D:1      | Fang the Gargoyle Berserker began the quest for the Orb.
     0 | D:1      | Reached XP level 1. HP: 14/14 MP: 1/1
    83 | D:1      | Reached XP level 2. HP: 18/19 MP: 2/2
   386 | D:1      | Reached XP level 3. HP: 19/23 MP: 3/3
   627 | D:1      | Reached ** piety under Trog
   916 | D:2      | Found a radiant altar of Vehumet.
  1011 | D:2      | Reached XP level 4. HP: 20/29 MP: 4/4
  1676 | D:3      | Reached XP level 5. HP: 33/33 MP: 5/5
  1819 | D:3      | Reached *** piety under Trog
  1926 | D:3      | Found a snail-covered altar of Cheibriados.
  2124 | D:4      | Reached XP level 6. HP: 26/39 MP: 6/6
  2256 | D:4      | Noticed Natasha
  2277 | D:4      | Killed Natasha
  2479 | D:4      | Noticed Natasha
  2491 | D:4      | Killed Natasha
  2491 | D:4      | Reached skill level 5 in Fighting
  2496 | D:4      | Noticed Natasha
  2507 | D:4      | Killed Natasha
  2507 | D:4      | Reached XP level 7. HP: 25/44 MP: 7/7
  2828 | D:5      | Entered Level 5 of the Dungeon
  3203 | D:5      | Reached skill level 5 in Armour
  3206 | D:5      | Reached XP level 8. HP: 51/51 MP: 8/8
  3329 | D:5      | Reached **** piety under Trog
  3449 | D:5      | Found a runed translucent door.
  3449 | D:5      | Noticed Morgon's ghost (novice TrGl)
  3724 | D:5      | Mangled by Morgon's ghost

Levels and vault maps discovered:
D:1:      wander_arrival_peaceful_grave, layout_rooms
D:2:      layout_loops_ring, vehumet_crystals, first_ration
D:3:      layout_rooms, small_statue_intersection, cheibriados_altar_1
D:4:      layout_rooms, uniq_natasha
D:5:      layout_gridville, gammafunk_ghost_grave, minivault_4,
          minmay_checkerbox
D:6:      layout_rooms, nicolae_qazlal_style_of_elements,
          gammafunk_ghost_nasty_kobolds, serial_shops,
          nicolae_shop_overgrown_old_shop, kennysheep_okawaru_gauntlet

Skill      XL: |  1  2  3  4  5  6  7 |
---------------+----------------------+-----
Axes           | 3 4 |  4.8
Dodging        | 2 3 |  3.9
Armour         | 3 4 5 |  5.2
Fighting       | 4 5 |  5.8

Action                   |  1- 3 |  4- 6 |  7- 9 || total
-------------------------+-------+-------+-------++-------
Melee: Hand axe          |   119 |   180 |    86 ||   385
Invok: Berserk           |       |     2 |     4 ||     6
  Eat: Chunk             |       |     8 |     6 ||    14
       Ration            |       |       |     1 ||     1
Armor: Animal skin       |    42 |       |       ||    42
       Plate armour      |    29 |   181 |    67 ||   277
Dodge: Dodged            |   105 |    57 |    48 ||   210
